 Dungeon Crawl Stone Soup version 0.30-a0-777-ga9a30cbeda (webtiles) character file.

Game seed: 12147642918748529718

81 Ceno the Vexing (level 4, -8/32 HPs)
             Began as a Barachi Hexslinger on Feb 15, 2023.
             Was an Initiate of Gozag.
             Succumbed to their own poison gas
             ... on level 4 of the Dungeon.
             The game lasted 00:09:48 (2991 turns).

Ceno the Vexing (Barachi Hexslinger)                Turns: 2991, Time: 00:09:49

Health: -8/32      AC:  5    Str: 14    XL:     4   Next: 42%
Magic:  4/5        EV: 11    Int: 13    God:    Gozag
Gold:   134        SH:  0    Dex: 12    Spells: 4/5 levels left

rFire   . . .      SeeInvis .    a - +2 sling
rCold   . . .      Faith    .    (no shield)
rNeg    . . .      Spirit   .    p - +0 leather armour
rPois   .          Reflect  .    (no helmet)
rElec   .          Harm     .    (no cloak)
rCorr   .          Rampage  .    (no gloves)
Will    .....                    o - +1 pair of boots
Stlth   ++                       (no amulet)
HPRegen 0.25/turn                (no ring)
MPRegen 0.09/turn                (no ring)

@: lethally poisoned (-8 -> -65), slow
A: amphibious, slowness 1, strong legs 1, +LOS
a: Hop, Renounce Religion, Potion Petition, Call Merchant, Bribe Branch


You were on level 4 of the Dungeon.
You worshipped Gozag.
Gozag was aware of your devotion.
You visited 1 branch of the dungeon, and saw 4 of its levels.

You collected 178 gold pieces.
You paid 44 gold pieces to Gozag.

Inventory:

Hand Weapons
 a - a +2 sling (weapon)
Armour
 o - a +1 pair of boots (worn)
 p - a +0 leather armour (worn)
Scrolls
 h - a scroll of brand weapon {unknown}
 m - a scroll of blinking {unknown}
 n - a scroll of amnesia {unknown}
Potions
 d - 2 potions of magic {unknown}
 f - a potion of invisibility {unknown}
 i - a potion of ambrosia {unknown}
 j - 4 potions of curing {unknown}
 k - a potion of attraction {unknown}
 l - a potion of haste {unknown}


   Skills:
 - Level 1.2 Fighting
 * Level 3.5 Ranged Weapons
 - Level 2.1 Dodging
 + Level 1.6 Stealth
 - Level 1.1 Spellcasting
 + Level 4.0 Hexes


You had 4 spell levels left.
You knew the following spells:

 Your Spells              Type           Power      Damage    Failure   Level
a - Slow                  Hex            44%        N/A       7%          1

Your spell library contained the following spells:

 Spells                   Type           Power      Damage    Failure   Level
 Inner Flame              Hex/Fire       5%         N/A       43%         3
 Portal Projectile        Hex/Tloc       10%        N/A       43%         3
 Cause Fear               Hex            5%         N/A       56%         4


Dungeon Overview and Level Annotations

Branches:
Dungeon (4/15)
 Temple: D:4-7

Altars:
Gozag
Hepliaklqana

Annotations:
D:2 Terence
D:4 exclusion: scorpion, Eustachio


Innate Abilities, Weirdness & Mutations

You are amphibious.
You cover ground slowly.
You can hop short distances.
You have an extended range of vision and can be seen from far away.


Message History

* * * LOW HITPOINT WARNING * * *
As you read the scroll labelled BUONKE LERU, it crumbles to dust.
It is a scroll of enchant weapon.
Really abort (and waste the scroll)?
Uppercase [Y]es or [N]o only, please.
Really abort (and waste the scroll)?
Your +1 sling glows red for a moment.
* * * LOW HITPOINT WARNING * * *
You feel very sick.
The scorpion stings you but does no damage.
It was a potion of heal wounds.
You feel much better.
You feel sick. The scorpion stings you. x2
You are more poisoned.
The scorpion poisons you!
Fire: a) +2 sling
Press: ? - help, Q - select action, (/) - cycle Shift-Dir - straight line, f/p - scorpion
Aim: a scorpion (lightly wounded, 57% to hit)
You shoot a sling bullet. The sling bullet hits the scorpion.
The scorpion is moderately wounded.
You feel very sick. The scorpion stings you.
You feel much better.
You feel very sick. The scorpion stings you.
Really walk into that cloud of poison gas?
You are engulfed in poison gas.
You are lethally poisoned!
You feel very sick. The scorpion stings you.
You are engulfed in poison gas.
You are more poisoned.
* * * LOW HITPOINT WARNING * * *
You feel extremely sick.
You feel much better.
You are engulfed in poison gas.
You are lethally poisoned!
You feel extremely sick.
You are engulfed in poison gas.
You are more poisoned.
* * * LOW HITPOINT WARNING * * *
You die...
Your body crumbles into a pile of gold.

#.......☼§°°☼○§☼§# .#
#.......§§§§§☼○○☼#####§#
#.......§°§☼○○§§§§☼§§§○####.
#.......☼§○§○○§§○§§§°§......
#.......○☼§☼§§§°○§°§.....##
#.......§§☼○§○§☼s...........
##......§○○°°§°°#.#..#......
##...)..#°☼○§§##..#.# #....
####.######@####....# ....
#.# #☼.#####..$.. .. #.#
##<.####..... ##.#
##...........
#######..#########.###......
#..........................
#<.........########........
#..........# #.......
#......[...# .......


You could see a scorpion.

Vanquished Creatures
  An adder (D:2)
  A worm (D:3)
  4 dart slugs
  5 orcs
  4 ball pythons
  4 bats (D:1)
  5 endoplasms
  3 giant cockroaches
  A goblin (D:1)
  4 hobgoblins
  4 jackals (D:1)
  4 quokkas
  2 frilled lizards
  5 kobolds
  6 rats
53 creatures vanquished.

Vanquished Creatures (others)
  A fungus (D:1)
  A plant (D:1)
2 creatures vanquished.

Grand Total: 55 creatures vanquished

Notes
Turn   | Place    | Note
-------+----------+-------------------------------------------
     0 | D:1      | Ceno the Barachi Hexslinger began the quest for the Orb.
     0 | D:1      | Reached XP level 1. HP: 15/15 MP: 2/2
   238 | D:1      | Reached XP level 2. HP: 21/21 MP: 0/3
   539 | D:1      | Found a faded altar of an unknown god.
   659 | D:1      | Reached skill level 1 in Stealth
   696 | D:1      | Reached XP level 3. HP: 23/26 MP: 1/4
  1096 | D:2      | Found a hazy altar of Hepliaklqana.
  1104 | D:2      | Noticed Terence
  1470 | D:2      | Reached XP level 4. HP: 32/32 MP: 5/5
  2450 | D:3      | Found an opulent altar of Gozag.
  2516 | D:3      | Became a worshipper of Gozag Ym Sagoz the Greedy
  2789 | D:4      | Noticed Eustachio
  2790 | D:4      | Noticed a scorpion
  2830 | D:4      | Noticed a scorpion
  2974 | D:4      | Reached skill level 4 in Hexes
  2991 | D:4      | Succumbed to their own poison gas

Illustrated notes

Levels and vault maps discovered:
D:1:      tarquinn_simple_flora_water_f, layout_basic,
          shapermc_ecumenical_altar_mp_ritualfount
D:2:      layout_basic, basic_altar, grunt_ministairs_12, uniq_terence
D:3:      layout_basic, nicolae_gozag_seed_capital
D:4:      layout_rooms, minitemple, nicolae_ru_great_annihilating_truth,
          uniq_sigmund, uniq_eustachio

Skill      XL: |  1  2  3  4 |
---------------+-------------+-----
Stealth        | 1 |  1.6
Ranged Weapons | 3 |  3.5
Hexes          | 4 |  4.0
Fighting       | |  1.2
Dodging        | |  2.1
Spellcasting   | |  1.1

Action                     |  1- 3 |  4- 6 || total
---------------------------+-------+-------++-------
   Fire: Sling             |   118 |    62 ||   180
   Cast: Slow              |    30 |    17 ||    47
Ability: Hop               |     4 |     2 ||     6
    Use: Potion            |       |     3 ||     3
         Scroll            |       |     2 ||     2
 Armour: Robe              |     5 |     2 ||     7
         Leather armour    |       |     3 ||     3
  Dodge: Dodged            |    26 |    15 ||    41

Table legend: (Time is in decaauts)
 A = Elapsed time spent in this place.
 B = Non-inter-level travel time spent in this place.
 C = Inter-level travel time spent in this place.
 D = Time resting spent in this place.
 E = Time spent auto-exploring this place.
 F = Levels seen in this place.
 G = Mean time per level.
                   A        B        C        D        E       F      G
               +--------+--------+--------+--------+--------+-----+--------+
         Total |   3460 |   3256 |    204 |    356 |   2106 |   4 |  865.0 |
       Dungeon |   3460 |   3256 |    204 |    356 |   2106 |   4 |  865.0 |
               +--------+--------+--------+--------+--------+-----+--------+

Top non-repeatable levels by time:
     D:3: 1285 daAuts
     D:1: 1230 daAuts
     D:2: 824 daAuts
     D:4: 120 daAuts
